 Dungeon Crawl Stone Soup version 0.24.0-1-gfbc8707122 (console) character file.

Game seed: 8293394839103140212, levelgen mode: deterministic

3817 AlterAsc the Transmogrifier (level 9, -3/77 HPs)
             Began as a Green Draconian Transmuter on Oct 26, 2019.
             Was an Initiate of Sif Muna.
             Slain by a wolf (9 damage)
             ... led by Grum
             ... on level 8 of the Dungeon.
             The game lasted 00:56:33 (8841 turns).

AlterAsc the Transmogrifier (DrTm)                  Turns: 8841, Time: 00:56:34

Health: -3/77      AC:  7    Str: 13    XL:     9   Next: 97%
Magic:  20/20      EV: 12    Int: 17    God:    Sif Muna [......]
Gold:   435        SH:  0    Dex: 11    Spells: 10/23 levels left

rFire    . . .     SeeInvis .     - Unarmed
rCold    . . .     Gourm    .   (shield currently unavailable)
rNeg     . . .     Faith    .   (armour unavailable)
rPois    +         Spirit   .   (helmet restricted)
rElec    .         Reflect  .   (no cloak)
rCorr    +         Harm     .   (gloves currently unavailable)
MR       .....                  (no boots)
Stlth    ++........             (no amulet)
HPRegen  0.22/turn              H - ring of resist corrosion
MPRegen  0.17/turn              L - ring of stealth

@: blade hands (expiring)
A: breathe noxious fumes, unfitting armour, poison resistance, cold-blooded, AC
+7
a: Breathe Noxious Fumes, End Transformation, Renounce Religion


You were on level 8 of the Dungeon.
You worshipped Sif Muna.
Sif Muna was noncommittal.
You were hungry.
You had blades for hands.
You visited 2 branches of the dungeon, and saw 9 of its levels.

You collected 435 gold pieces.

Inventory:

Hand Weapons
 b - a +0 club
 e - a +0 hand axe
 r - a +0 short sword
 u - a +0 hunting sling
 v - a +0 hand axe
 z - a +0 short sword
 C - a +2 glaive of holy wrath
 E - a cursed -2 broad axe
 F - the +4 executioner's axe of Qiesa {antimagic, Int+3}
   (You found it on level 5 of the Dungeon)

   It reduces the magical energy of the wielder, and disrupts the spells and
   magical abilities of those hit.
   Natural abilities and divine invocations are not affected.
   It affects your intelligence (+3).
Missiles
 a - 102 arrows
 d - 131 sling bullets
 q - 136 stones (quivered)
 y - 14 poisoned darts
Armour
 B - a +0 pair of gloves
Jewellery
 H - a ring of resist corrosion (left scythe-like blade)
 L - a ring of stealth (right scythe-like blade)
Wands
 I - a wand of digging (8)
 J - a wand of acid (7)
Scrolls
 g - 5 scrolls of teleportation
 h - 2 scrolls of amnesia {unknown}
 i - 11 scrolls of identify
 j - 3 scrolls of enchant armour {unknown}
 m - 2 scrolls of fog {unknown}
 n - 3 scrolls of blinking {unknown}
 s - 8 scrolls of remove curse
 w - a scroll of random uselessness {unknown}
 D - 2 scrolls of noise {unknown}
Potions
 f - 2 potions of degeneration {unknown}
 k - a potion of haste {unknown}
 l - 2 potions of curing {unknown}
 o - a potion of invisibility
 p - 2 potions of heal wounds {unknown}
 t - a potion of agility {unknown}
 x - 2 potions of brilliance {unknown}
 A - 3 potions of berserk rage
 G - a potion of lignification {unknown}
 K - a potion of might
Comestibles
 c - 13 rations


   Skills:
 + Level 6.3 Fighting
 - Level 2.3 Dodging
 + Level 6.6 Unarmed Combat
 * Level 7.7 Spellcasting
 * Level 8.5 Transmutations


You had 10 spell levels left.
You knew the following spells:

 Your Spells              Type           Power        Failure   Level  Hunger
a - Beastly Appendage     Tmut           #####.       10%         1    None
b - Spider Form           Tmut/Pois      ###.......   34%         3    #......
c - Blade Hands           Tmut           #####.....   43%         5    #####..
d - Ice Form              Ice/Tmut       ###.....     61%         4    ###....

Your spell library contained the following spells:

 Spells                   Type           Power        Failure   Level  Hunger
 Sticks to Snakes         Tmut           #####...     12%         2    None
 Animate Skeleton         Necr           N/A          47%         1    None
 Apportation              Tloc           #.....       47%         1    None
 Confusing Touch          Hex            #.....       47%         1    None
 Magic Dart               Conj           #...         47%         1    None
 Summon Butterflies       Summ           #.......     47%         1    None
 Summon Small Mammal      Summ           #...         47%         1    None
 Searing Ray              Conj           #.....       56%         2    None
 Dazzling Spray           Conj/Hex       #.....       75%         3    #......
 Lesser Beckoning         Tloc           #.........   75%         3    #......
 Tukima's Dance           Hex            #.......     75%         3    #......
 Alistair's Intoxication  Tmut/Pois      ###.....     85%         5    #####..
 Force Lance              Conj/Tloc      #.......     96%         4    ###....
 Fulminant Prism          Conj/Hex       #.........   96%         4    ###....
 Iskenderun's Mystic Bla  Conj           #.......     96%         4    ###....
 Invisibility             Hex            #.......     100%        6    ######.


Dungeon Overview and Level Annotations

Branches:
Dungeon (8/15)             Temple (1/1) D:7
   Lair: D:8-11

Altars:
Cheibriados
Dithmenos
Elyvilon
Fedhas
Hepliaklqana
Kikubaaqudgha
Makhleb
Nemelex Xobeh
Okawaru
Qazlal
Ru
Sif Muna
Trog
Vehumet
Wu Jian
Xom
Yredelemnul
Zin
The Shining One

Shops:
D:5 %   D:7 (

Annotations:
D:8 Grum


Innate Abilities, Weirdness & Mutations

You can breathe blasts of noxious fumes.
Your lurid green scales are hard. (AC +7)
You cannot fit into any form of body armour.
Your system is resistant to poisons. (rPois)
You are cold-blooded and may be slowed by cold attacks.


Message History

The wolf barely misses you.
Grum hits you from afar with a +1 spear.
The wolf barely misses you.
You hit the wolf but do no damage.
The wolf is almost dead.
Grum hits you from afar with a +1 spear!
* * * LOW HITPOINT WARNING * * *
The wolf barely misses you.
You feel sick.
You are no longer poisoned.
The wolf barely misses you. The wolf bites you!
* * * LOW HITPOINT WARNING * * *
You see here a killer bee corpse.
Unknown command.
Press: ? - help, v - describe, . - travel
Here: a wolf (almost dead)
The floor.
The wolf bites you!
You die...

#........
........##
#..### ##g†.##
###..##
#####.....####
#....g.......##
#...h.........#
##.@.†......###
##<....#####
#######


You could see Grum and a wolf.

Vanquished Creatures
  Pikel (D:6)
  Joseph (D:7)
  A kobold demonologist (D:7)
  A hippogriff (D:7)
  Duvessa (D:6)
  2 ice beasts
  2 orc warriors (D:6)
  3 phantoms
  A wolf (D:8)
  An ogre (D:4)
  A crocodile (D:7)
  A bullfrog (D:7)
  Dowan (D:6)
  2 scorpions (D:5)
  9 killer bees
  A howler monkey (D:4)
  A crimson imp (D:4)
  A centaur zombie (D:5)
  4 hounds
  A jelly (D:6)
  6 orc wizards
  Jessica (D:3)
  Natasha (D:3)
  An iguana (D:6)
  7 worker ants
  2 hound skeletons (D:6)
  2 worker ant zombies (D:5)
  4 gnolls (D:6)
  9 adders
  2 oozes
  An adder skeleton (D:4)
  An adder zombie (D:5)
  3 worms
  4 dart slugs
  5 leopard geckos
  27 orcs
  A ball python (D:3)
  7 giant cockroaches
  6 goblins
  6 hobgoblins
  7 jackals (D:4)
  8 kobolds
  7 quokkas
  A ball python zombie (D:5)
  11 bats
  7 frilled lizards
  A giant cockroach zombie (D:6)
  A quokka zombie (D:6)
  7 rats
182 creatures vanquished.

Vanquished Creatures (others)
  4 slaves (D:7)
4 creatures vanquished.

Grand Total: 186 creatures vanquished

Notes
Turn   | Place    | Note
-------+----------+-------------------------------------------
     0 | D:1      | AlterAsc the Draconian Transmuter began the quest for the
                  | Orb.
     0 | D:1      | Reached XP level 1. HP: 16/16 MP: 3/3
   376 | D:1      | Reached XP level 2. HP: 21/23 MP: 3/5
  1410 | D:2      | Reached XP level 3. HP: 8/29 MP: 6/6
  1646 | D:2      | Learned a level 3 spell: Spider Form
  2235 | D:2      | Reached XP level 4. HP: 36/36 MP: 3/7
  3063 | D:3      | Reached skill level 3 in Transmutations
  3068 | D:3      | Reached XP level 5. HP: 36/41 MP: 5/9
  3659 | D:3      | Noticed Jessica
  3673 | D:3      | Killed Jessica
  4021 | D:4      | Noticed Natasha
  4026 | D:4      | Noticed a phantom
  4059 | D:3      | Killed Natasha
  4349 | D:4      | Killed a phantom
  4349 | D:4      | Reached XP level 6. HP: 40/50 MP: 8/11
  4409 | D:4      | Reached skill level 4 in Transmutations
  4612 | D:4      | Your scales start taking on a lurid green colour.
  4612 | D:4      | Reached XP level 7. HP: 57/57 MP: 6/13
  4612 | D:4      | Gained mutation: Your system is resistant to poisons.
                  | (rPois) [Green Draconian growth]
  4649 | D:4      | Found a snail-covered altar of Cheibriados.
  4656 | D:4      | Found a sacrificial altar of Ru.
  4663 | D:4      | Found a stormy altar of Qazlal.
  4871 | D:4      | Found an iron altar of Okawaru.
  4874 | D:4      | Found a glowing golden altar of the Shining One.
  4925 | D:4      | Found an ornate altar of the Wu Jian Council.
  4956 | D:5      | Entered Level 5 of the Dungeon
  5055 | D:5      | Found Vobeihal's Food Shop.
  5174 | D:5      | Found a large runed translucent door.
  5178 | D:5      | Found a large runed translucent door.
  5186 | D:5      | Found a large runed translucent door.
  5186 | D:5      | Found a large runed translucent door.
  5452 | D:5      | Reached skill level 5 in Transmutations
  5474 | D:5      | Got a twisted executioner's axe
  5491 | D:5      | Identified the +4 executioner's axe of Qiesa {antimagic,
                  | Int+3} (You found it on level 5 of the Dungeon)
  6018 | D:5      | Learned a level 5 spell: Blade Hands
  6031 | D:6      | Reached skill level 5 in Spellcasting
  6180 | D:6      | Reached XP level 8. HP: 66/66 MP: 12/15
  6191 | D:6      | Noticed Duvessa
  6207 | D:6      | Reached skill level 5 in Unarmed Combat
  6246 | D:6      | Killed Duvessa
  6258 | D:6      | Reached skill level 6 in Transmutations
  6376 | D:6      | Noticed Dowan
  6385 | D:6      | Killed Dowan
  6981 | D:6      | Reached skill level 5 in Fighting
  7100 | D:6      | Found an ancient bone altar of Kikubaaqudgha.
  7100 | D:6      | Found a sparkling altar of Nemelex Xobeh.
  7112 | D:6      | Learned a level 4 spell: Ice Form
  7338 | D:7      | Noticed a hippogriff
  7349 | D:7      | Killed a hippogriff
  7352 | D:7      | Reached XP level 9. HP: 74/74 MP: 14/18
  7382 | D:7      | Found a blossoming altar of Fedhas.
  7382 | D:7      | Noticed Joseph
  7391 | D:7      | Killed Joseph
  7391 | D:7      | Reached skill level 7 in Transmutations
  7433 | D:7      | Found a staircase to the Ecumenical Temple.
  7438 | Temple   | Entered the Ecumenical Temple
  7570 | Temple   | Became a worshipper of Sif Muna the Loreminder
  7724 | D:7      | Found Irixziwn's Antique Weapon Shop.
  7744 | D:7      | Noticed a kobold demonologist
  7750 | D:7      | Killed a kobold demonologist
  7908 | D:7      | Found a radiant altar of Vehumet.
  7914 | D:7      | Noticed Pikel
  8192 | D:6      | Killed Pikel
  8192 | D:6      | Reached skill level 8 in Transmutations
  8822 | D:8      | Noticed Grum
  8841 | D:8      | Slain by a wolf

Levels and vault maps discovered:
D:1:      dpeg_arrival_short_road, layout_basic, minmay_crystal_water,
          minmay_misc_feat_rows
D:2:      layout_basic, first_ration
D:3:      layout_loops_cross, kennysheep_generic_room_6, uniq_jessica
D:4:      layout_rooms, nicolae_overflow_hidden_temple,
          grunt_temple_overflow_diamond, uniq_natasha
D:5:      layout_loops_ring, serial_shops, shop, minmay_hollow_rounded_squares
D:6:      layout_rooms, gammafunk_temple_overflow_statue, uniq_duvessa
D:7:      layout_basic, fiery_altar_vehumet, fedhas_altar_2,
          minmay_temple_entry_glassed_door, serial_shops, shop, uniq_pikel,
          uniq_joseph
D:8:      layout_cave_pods, lemuel_crystal_altar, lemuel_round_altar,
          grunt_livestock, fungi_pond_lemuel, uniq_grum
Temple:   grunt_temple_mini_profane

Skill      XL: |  1  2  3  4  5  6  7  8  9 |
---------------+----------------------------+-----
Dodging        | 2 |  2.3
Fighting       | 2 3 4 5 6 |  6.3
Transmutations | 3 4 5 6 8 |  8.5
Spellcasting   | 3 4 5 6 7 |  7.7
Unarmed Combat | 4 5 6 |  6.6

Action                   |  1- 3 |  4- 6 |  7- 9 || total
-------------------------+-------+-------+-------++-------
Melee: Unarmed           |    26 |   147 |   293 ||   466
       Club              |    12 |       |       ||    12
       Hand axe          |    62 |       |       ||    62
       Tailslap          |    15 |       |     4 ||    19
       Headbutt          |     2 |       |       ||     2
       Kick              |     2 |       |       ||     2
       Short sword       |    37 |     4 |       ||    41
       Hunting sling     |       |     1 |       ||     1
       Glaive            |       |       |     2 ||     2
 Fire: Hunting sling     |       |    48 |     2 ||    50
 Cast: Beastly Appendage |    19 |       |       ||    19
       Spider Form       |     4 |    30 |    29 ||    63
       Blade Hands       |       |       |    15 ||    15
       Ice Form          |       |       |     1 ||     1
 Abil: End Transformatio |       |       |     3 ||     3
  Use: Scroll            |       |     3 |     2 ||     5
       Potion            |       |       |     1 ||     1
 Stab: Sleeping          |       |     1 |     3 ||     4
  Eat: Ration            |     1 |       |     3 ||     4
       Chunk             |     2 |    13 |    10 ||    25
Armor: Skin              |    35 |    26 |    33 ||    94
Dodge: Dodged            |    94 |   142 |   219 ||   455
